 Seeded DCSS version 0.31-a0-128-g25add195a6 (webtiles) character file.

Game seed: 10156749324913706204 (custom seed)

1559 Pimp the Conjurer (level 8, -4/55 (60) HPs)
             Began as a Demonspawn Conjurer on June 1, 2023.
             Was an Initiate of Cheibriados.
             Slain by a wight
             ... wielding a +0 great sword
              (5 damage)
             ... on level 6 of the Dungeon.
             The game lasted 00:19:24 (6793 turns).

Pimp the Conjurer (Demonspawn Conjurer)             Turns: 6793, Time: 00:19:25

HP:   -4/55 (60)    AC:  4    Str:  8    XL:     8   Next: 58%
MP:   11/15         EV: 16    Int: 22    God:    Cheibriados [......]
Gold: 229           SH:  0    Dex: 14    Spells: 10/16 levels left

rFire   . . .        k - +0 longbow
rCold   . . .        (shield currently unavailable)
rNeg    . . .        a - +0 robe
rPois   .            f - +1 helmet
rElec   .            (no cloak)
rCorr   .            (no gloves)
SInv    .            (no boots)
Will    .....        (no amulet)
Stlth   ++           (no ring)
HPRegen 0.29/turn    (no ring)
MPRegen 0.28/turn

%: no passive effects
@: drained, slow
A: repulsion field 1, magic regeneration, weakness stinger 1
a: Renounce Religion


You were on level 6 of the Dungeon.
You worshipped Cheibriados.
Cheibriados was noncommittal.
You visited 2 branches of the dungeon, and saw 8 of its levels.

You collected 229 gold pieces.

Inventory:

Hand Weapons
 d - a +0 short sword
 k - a +0 longbow (weapon)
 t - a +0 vampiric whip
Missiles
 h - 3 datura-tipped darts
Armour
 a - a +0 robe (worn)
 f - a +1 helmet (worn)
Magical Staves
 s - a staff of earth
Jewellery
 i - a ring of fire
Wands
 e - a wand of flame (15)
 j - a wand of iceblast (9)
 r - a wand of paralysis (5)
Scrolls
 b - 5 scrolls of poison
 c - 3 scrolls of amnesia
 g - 2 scrolls of identify
 n - 3 scrolls of teleportation
 p - a scroll of blinking
 q - a scroll of noise
 u - a scroll of immolation
Potions
 l - a potion of cancellation
 m - a potion of enlightenment
 o - a potion of might
 w - a potion of ambrosia


   Skills:
 + Level 3.7 Fighting
 - Level 2.4 Maces & Flails
 * Level 1.0 Ranged Weapons
 + Level 5.7 Dodging
 - Level 3.0 Stealth
 * Level 4.7 Spellcasting
 * Level 6.3 Conjurations


You had 10 spell levels left.
You knew the following spells:

 Your Spells              Type           Power      Damage    Failure   Level
a - Magic Dart            Conj           100%       1d8       1%          1
b - Searing Ray           Conj           66%        2d6       1%          2
c - Dazzling Flash        Conj/Hex       38%        N/A       9%          3

Your spell library contained the following spells:

 Spells                   Type           Power      Damage    Failure   Level
 Shock                    Conj/Air       76%        1d7       2%          1
 Momentum Strike          Conj/Tloc      38%        3d9       4%          2
 Hailstorm                Conj/Ice       19%        3d6       9%          3
 Freeze                   Ice            20%        1d4       11%         1
 Necrotise                Necr           20%        1d5       11%         1
 Slow                     Hex            20%        N/A       11%         1
 Blink                    Tloc           10%        N/A       16%         2
 Lesser Beckoning         Tloc           10%        N/A       16%         2
 Fulminant Prism          Conj/Hex       9%         3d7       28%         4
 Iskenderun's Mystic Bla  Conj/Tloc      19%        2d6       28%         4
 Confusing Touch          Hex            5%         N/A       30%         3
 Frozen Ramparts          Ice            10%        1d2       30%         3
 Swiftness                Air            5%         N/A       30%         3
 Vampiric Draining        Necr           5%         2d6       30%         3
 Airstrike                Air            2%         2d(1-17)  71%         4
 Agony                    Necr           5%         N/A       96%         5
 Summon Forest            Summ/Tloc      2%         N/A       96%         5
 Eringya's Noxious Bog    Tmut/Pois      2%         N/A       100%        6
 Malign Gateway           Summ/Tloc      2%         N/A       100%        7
 Summon Hydra             Summ           2%         N/A       100%        7
 Summon Horrible Things   Summ           2%         N/A       100%        8
 Chain Lightning          Conj/Air       9%         3d12      100%        9
 Fire Storm               Conj/Fire      9%         8d3       100%        9
 Shatter                  Erth           2%         3d6*      100%        9


Dungeon Overview and Level Annotations

Branches:
Dungeon (7/15)             Temple (1/1) D:7

Altars:
Cheibriados
Gozag
Hepliaklqana
Kikubaaqudgha
Makhleb
Nemelex Xobeh
Qazlal
Ru
Vehumet
Yredelemnul

Shops:
D:2 =


Innate Abilities, Weirdness & Mutations

You are surrounded by a mild repulsion field. (EV +2)
You regenerate magic rapidly.
You have a small tail.


Message History

You kill the white imp!
Cheibriados appreciates the change of pace.
A wight comes into view. It is wielding a +3 hand axe.
You shoot an arrow. The arrow closely misses the wight.
The arrow hits the wight!
The wight is moderately damaged.
Found a stone staircase leading down.
Found a mace.
The wight attacks as you move away! The wight misses you.
The wight completely misses you. The wight closely misses you.
The wight attacks as you move away! The wight closely misses you.
The wight attacks as you move away! The wight misses you.
The wight attacks as you move away! The wight misses you.
The wight attacks as you move away!
The wight hits you with a +0 great sword!
The wight closely misses you. The wight misses you.
There is a stone staircase leading up here.
The wight completely misses you. The wight misses you.
You climb upwards.
There is a stone staircase leading down here.
Casting: Searing Ray (safe; 1% risk of failure)
Confirm with . or Enter, or press ? or * to list all spells.
Aiming: Searing Ray (safe; 1% risk of failure)
Press: ? - help, Shift-Dir - straight line, f - wight
Aim: a wight, wielding a +0 great sword and wearing a +0 robe (81% to hit)
The searing ray hits the wight!
The wight is heavily damaged. (Press . to maintain the ray.)
The wight hits you with a +0 great sword!!
You feel drained.
* * * LOW HITPOINT WARNING * * *
The searing ray hits the wight.
The wight is heavily damaged.
The wight closely misses you.
The searing ray hits the wight but does no damage.
The wight is heavily damaged.
The wight hits you with a +0 great sword!
* * * LOW HITPOINT WARNING * * *
You feel drained.
You die...

### ##......#....##..#
####.###.....#####.......
#............###...##....
#...####......#.......... ####.##
#.......##......#.. ###
###.....######.....#..#...##.
..###....##.#..##.........#......
.................................
...............z@................
...##..#.........................
...##..##.##.....................
...###.#..##...........##........
.........###......)..##..........
..####.....#............#........
...####...##........)...#.......#
..##.#....#.........##.##.......#
.#........##........##.##.......#


You could see a wight.

Vanquished Creatures
  A hornet (D:6)
  3 ice beasts (D:6)
  A black bear (D:7)
  A phantom (D:3)
  A kobold brigand (D:7)
  2 bullfrogs (D:7)
  A scorpion (D:6)
  5 hounds
  3 orc priests
  A jelly (D:6)
  5 orc wizards
  4 iguanas
  4 adders
  2 white imps
  An ufetubus (D:5)
  21 orcs
  8 endoplasms
  A giant cockroach (D:4)
  3 goblins
  7 hobgoblins
  6 quokkas
  3 ball pythons
  A bat (D:2)
  5 frilled lizards
  15 kobolds
  6 rats
111 creatures vanquished.

Notes
Turn   | Place    | Note
-------+----------+-------------------------------------------
     0 | D:1      | Pimp the Demonspawn Conjurer began the quest for the Orb.
     0 | D:1      | Reached XP level 1. HP: 13/13 MP: 3/3
   379 | D:1      | Gained mutation: You have a small tail. [demonic ancestry]
   379 | D:1      | Reached XP level 2. HP: 19/19 MP: 3/5
   797 | D:2      | Found Utiof's Jewellery Shop.
   831 | D:2      | Gained mutation: You regenerate magic rapidly. [demonic
                  | ancestry]
   831 | D:2      | Reached XP level 3. HP: 20/24 MP: 2/6
   987 | D:2      | Found a faded altar of an unknown god.
  1455 | D:3      | Noticed a phantom
  1469 | D:3      | Killed a phantom
  1470 | D:3      | Reached XP level 4. HP: 9/30 MP: 4/8
  1575 | D:3      | Reached XP level 5. HP: 35/35 MP: 2/9
  2511 | D:4      | Reached skill level 1 in Fighting
  2859 | D:5      | Entered Level 5 of the Dungeon
  2896 | D:5      | Gained mutation: You are surrounded by a mild repulsion
                  | field. (EV +2) [demonic ancestry]
  2896 | D:5      | Reached XP level 6. HP: 13/43 MP: 3/10
  3485 | D:5      | Learned a level 2 spell: Searing Ray
  3489 | D:5      | Learned a level 3 spell: Dazzling Flash
  3602 | D:4      | Reached skill level 5 in Conjurations
  4337 | D:6      | Noticed an ice beast
  4815 | D:6      | Reached XP level 7. HP: 50/50 MP: 7/12
  5491 | D:6      | Reached skill level 5 in Dodging
  5521 | D:6      | Reached skill level 1 in Maces & Flails
  5919 | D:7      | Reached XP level 8. HP: 58/58 MP: 10/14
  5952 | D:7      | Noticed a hornet
  5961 | D:7      | Paralysed by a hornet for 1 turns
  5983 | D:6      | Killed a hornet
  6041 | D:7      | Reached skill level 6 in Conjurations
  6406 | D:7      | Found a staircase to the Ecumenical Temple.
  6412 | Temple   | Entered the Ecumenical Temple
  6503 | Temple   | Became a worshipper of Cheibriados the Contemplative
  6689 | D:7      | Reached skill level 1 in Ranged Weapons
  6793 | D:6      | HP: 1/58 [wight/+0 great sword (16)]
  6793 | D:6      | Slain by a wight

Illustrated notes

Levels and vault maps discovered:
D:1:      shiori_arrival_oz, layout_rooms
D:2:      layout_basic, shapermc_ecumenical_altar_flowoftime, serial_shops, shop
D:3:      layout_loops_ring
D:4:      layout_loops_ring
D:5:      layout_loops_corners
D:6:      layout_cave_pools, grunt_decor_clamped
D:7:      layout_rooms, minmay_temple_entry_enclosed_plants, serial_shops, shop
Temple:   nicolae_temple_slightly_damp_pantheon

Skill      XL: |  1  2  3  4  5  6  7  8 |
---------------+-------------------------+-----
Stealth        | 2 3 |  3.0
Dodging        | 2 3 4 5 |  5.7
Spellcasting   | 3 4 |  4.7
Fighting       | 1 2 3 |  3.7
Conjurations   | 5 6 |  6.3
Maces & Flails | 1 2 |  2.4
Ranged Weapons | 1 |  1.0

Action                     |  1- 3 |  4- 6 |  7- 9 || total
---------------------------+-------+-------+-------++-------
  Melee: Unarmed           |    11 |       |       ||    11
         Short sword       |    25 |    23 |       ||    48
         Tailslap          |     1 |     8 |    11 ||    20
         Punch             |     1 |       |     2 ||     3
         Whip              |       |    15 |    48 ||    63
   Fire: Longbow           |       |       |    10 ||    10
   Cast: Magic Dart        |    64 |   146 |    66 ||   276
         Searing Ray       |       |     3 |    25 ||    28
         Dazzling Flash    |       |     1 |     2 ||     3
    Use: Potion            |     3 |       |     2 ||     5
         Scroll            |       |    15 |     2 ||    17
   Stab: Sleeping          |       |     1 |       ||     1
 Armour: Robe              |     5 |     8 |    16 ||    29
  Dodge: Dodged            |    39 |    66 |   126 ||   231

Table legend: (Time is in decaauts)
 A = Elapsed time spent in this place.
 B = Non-inter-level travel time spent in this place.
 C = Inter-level travel time spent in this place.
 D = Time resting spent in this place.
 E = Time spent auto-exploring this place.
 F = Levels seen in this place.
 G = Mean time per level.
                   A        B        C        D        E       F      G
               +--------+--------+--------+--------+--------+-----+--------+
         Total |   6861 |   6634 |    227 |   1407 |   3920 |   8 |  857.6 |
       Dungeon |   6744 |   6540 |    204 |   1407 |   3849 |   7 |  963.4 |
        Temple |    117 |     94 |     23 |      0 |     71 |   1 |  117.0 |
               +--------+--------+--------+--------+--------+-----+--------+

Top non-repeatable levels by time:
     D:5: 1720 daAuts
     D:6: 1302 daAuts
     D:2: 945 daAuts
     D:3: 811 daAuts
     D:7: 758 daAuts
     D:4: 686 daAuts
     D:1: 520 daAuts
  Temple: 117 daAuts
